 Dungeon Sprint DCSS version 0.31-a0-728-g01b46875f1 (webtiles) character file.

Game seed: 18002160581136477959

3565 sircluck the Grappler (level 9, -5/106 HPs)
             Began as a Troll Berserker on Sept 11, 2023.
             Was a High Priest of Trog.
             Slain by a shadow wraith (24 damage)
             ... in the Dungeon (Sprint VII: "The Pits").
             The game lasted 00:01:57 (839 turns).

sircluck the Grappler (Troll Berserker)              Turns: 839, Time: 00:01:58

Health: -5/106     AC:  4    Str: 31    XL:     9   Next: 84%
Magic:  8/8        EV: 13    Int:  3    God:    Trog [*****.]
Gold:   0          SH:  0    Dex:  9    Spells: 8/8 levels left

rFire   . .          .
                       - Unarmed
rCold   . . .        (no shield)
rNeg    . . .        a - +0 animal skin
rPois   .            (helmet restricted)
rElec   .            (no cloak)
rCorr   .            (gloves unavailable)
SInv    .            (boots unavailable)
Will    .....        (no amulet)
Stlth   +            (no ring)
HPRegen 1.17/turn    (no ring)
MPRegen 0.11/turn

%: no teleportation
@: slowed, very slow
A: large, unfitting armour, claws 3, regeneration 1, shaggy fur 1, tough skin 1
a: Renounce Religion, Berserk, Trog's Hand, Brothers in Arms


You were in the Dungeon.
You worshipped Trog.
Trog was extremely pleased with you.
You visited 1 branch

Inventory:

Armour
 a - a +0 animal skin (worn)
Jewellery
 k - a +3 ring of evasion
 l - a +3 ring of intelligence
Scrolls
 i - 2 scrolls of vulnerability
 j - a scroll of summoning
Potions
 b - 9 potions of curing
 c - 8 potions of heal wounds
 d - 2 potions of haste
 e - 4 potions of magic
 f - 3 potions of berserk rage
 h - 2 potions of invisibility
 m - a potion of resistance


   Skills:
 + Level 11.7 Fighting
 + Level 11.5 Dodging
 + Level 13.6 Unarmed Combat


You had 8 spell levels left.
You didn't know any spells.
Your spell library was empty.

Dungeon Overview and Level Annotations

Branches:
Dungeon (1/1)

Altars:
Ashenzari
Cheibriados
Dithmenos
Elyvilon
Fedhas
Gozag
Hepliaklqana
Kikubaaqudgha
Makhleb
Nemelex Xobeh
Okawaru
Qazlal
Ru
Sif Muna
Trog
Uskayaw
Vehumet
Wu Jian
Xom
Yredelemnul
Zin
The Shining One
Jiyva
Lugonu


Innate Abilities, Weirdness & Mutations

You are too large for most types of armour.
You have claws for hands.
Your natural rate of healing is unusually fast.
You are covered in fur. (AC +1)
You have tough skin. (AC +1)


Message History

The two-headed ogre attacks as it pursues you!
The two-headed ogre hits you with a +0 giant spiked club!
The two-headed ogre barely misses you. The manticore closely misses you.
The manticore claws you. The manticore closely misses you.
There is an open door, spattered with blood here.
You mangle the manticore!! You claw the manticore!
The manticore is severely wounded.
The two-headed ogre closely misses you. The two-headed ogre misses you.
You mangle the two-headed ogre!!
The two-headed ogre is heavily wounded.
You mangle the two-headed ogre!!
The two-headed ogre is almost dead.
The two-headed ogre hits you with a +0 giant spiked club!
The two-headed ogre closely misses you.
You eviscerate the two-headed ogre!!!
You kill the two-headed ogre!
Trog accepts your kill. Trog grants you a weapon!
Something appears at your feet!
You see here a +5 antimagic executioner's axe.
The basilisk gazes at you. You resist with some effort.
You feel your intelligence returning.
Your Dodging skill increases to level 11!
Your Unarmed Combat skill increases to level 13!
Unknown command.
You mangle the manticore!!
You kill the manticore!
Trog accepts your kill. Something hits you! Something drains your vigour!
You feel yourself slow down. The basilisk bites you!
* * * LOW HITPOINT WARNING * * *
The guardian mummy hits you!
* * * LOW HITPOINT WARNING * * *
There is an open door, spattered with blood here.
Things that are here:
a +0 giant spiked club; a +0 giant club Unknown command.
Something barely misses you. Something hits you!!
You die...

))#####'#####++######
))##.......##++#
))##.......##..#
..##.......##..# +#
'###...<...##..# #.##
..##.......##..# #...##
..##.......##..####.....#
####.......##...##M.....#
..###########...@)l.....+
.############...##......#
†#....#..[[##..####.....#
)#....#.![[##..# #...##
†'....'..))##..# #.##
'#....#!.))##..# +#
.#....#.!))##..#
################


You could see a guardian mummy and a basilisk.

Vanquished Creatures
  A two-headed ogre (D)
  A sun demon (D)
  A wizard (D)
  A manticore (D)
  A troll (D)
  Prince Ribbit (D)
  A dream sheep (D)
  A wyvern (D)
  A warg (D)
  Menkaure (D)
  2 water moccasins (D)
  Pargi (D)
  An ice beast (D)
  A kobold brigand (D)
  A hound (D)
  2 jellies (D)
  Terence (D)
  A mummy (D)
  A river rat (D)
  An endoplasm (D)
  A giant cockroach (D)
  4 quokkas (D)
  2 ball pythons (D)
  A quokka skeleton (D)
  2 rats (D)
32 creatures vanquished.

Notes
Turn   | Place    | Note
-------+----------+-------------------------------------------
     0 | D        | sircluck the Troll Berserker began the quest for the Orb.
     0 | D        | Reached XP level 1. HP: 22/22 MP: 0/0
    12 | D        | Noticed a warg
    28 | D        | Killed a warg
    29 | D        | Reached skill level 5 in Fighting
    29 | D        | Reached skill level 5 in Dodging
    29 | D        | Reached skill level 6 in Unarmed Combat
    29 | D        | Reached XP level 2. HP: 35/35 MP: 1/1
    29 | D        | Reached XP level 3. HP: 42/42 MP: 2/2
    29 | D        | Reached XP level 4. HP: 50/50 MP: 3/3
   166 | D        | Noticed a wyvern
   176 | D        | Killed a wyvern
   177 | D        | Reached skill level 7 in Unarmed Combat
   177 | D        | Reached XP level 5. HP: 61/61 MP: 4/4
   177 | D        | Reached XP level 6. HP: 68/68 MP: 5/5
   182 | D        | Noticed a troll
   199 | D        | Killed a troll
   199 | D        | Reached ** piety under Trog
   200 | D        | Reached skill level 9 in Unarmed Combat
   286 | D        | Found a bloodstained altar of Trog.
   286 | D        | Found a shimmering blue altar of Sif Muna.
   286 | D        | Found a viscous altar of Jiyva.
   286 | D        | Found a hazy altar of Hepliaklqana.
   286 | D        | Found an opulent altar of Gozag.
   287 | D        | Found a glowing golden altar of the Shining One.
   287 | D        | Found a glowing silver altar of Zin.
   287 | D        | Found a basalt altar of Yredelemnul.
   287 | D        | Found a shimmering altar of Xom.
   287 | D        | Found an ornate altar of the Wu Jian Council.
   287 | D        | Found a sacrificial altar of Ru.
   287 | D        | Found a stormy altar of Qazlal.
   287 | D        | Found an iron altar of Okawaru.
   287 | D        | Found a sparkling altar of Nemelex Xobeh.
   287 | D        | Found a burning altar of Makhleb.
   287 | D        | Found a blossoming altar of Fedhas.
   287 | D        | Found a white marble altar of Elyvilon.
   287 | D        | Found a shadowy altar of Dithmenos.
   287 | D        | Found a snail-covered altar of Cheibriados.
   290 | D        | Found a corrupted altar of Lugonu.
   290 | D        | Found a radiant altar of Vehumet.
   291 | D        | Found an ancient bone altar of Kikubaaqudgha.
   291 | D        | Found a hide-covered altar of Uskayaw.
   291 | D        | Found a broken altar of Ashenzari.
   333 | D        | Reached *** piety under Trog
   346 | D        | Reached **** piety under Trog
   347 | D        | Reached XP level 7. HP: 79/79 MP: 6/6
   391 | D        | Noticed Menkaure
   391 | D        | Noticed Terence
   394 | D        | Noticed Prince Ribbit
   406 | D        | Noticed Pargi
   410 | D        | Killed Menkaure
   411 | D        | Reached skill level 10 in Unarmed Combat
   416 | D        | Killed Pargi
   416 | D        | Reached ***** piety under Trog
   417 | D        | Killed Terence
   421 | D        | Killed Prince Ribbit
   422 | D        | Reached XP level 8. HP: 65/92 MP: 7/7
   455 | D        | Received a gift from Trog
   467 | D        | Noticed a dream sheep
   469 | D        | Killed a dream sheep
   470 | D        | Reached skill level 11 in Unarmed Combat
   739 | D        | Noticed a deep elf high priest
   739 | D        | Noticed a sun demon
   739 | D        | Noticed a wizard
   739 | D        | Noticed a swamp dragon
   739 | D        | Noticed a swamp dragon
   741 | D        | Noticed a fire crab
   742 | D        | Killed a wizard
   743 | D        | Reached skill level 10 in Fighting
   743 | D        | Reached skill level 10 in Dodging
   743 | D        | Reached skill level 12 in Unarmed Combat
   743 | D        | Reached XP level 9. HP: 81/102 MP: 0/8
   745 | D        | Killed a sun demon
   746 | D        | HP: 2/157 [something (11)]
   827 | D        | Noticed a guardian mummy
   827 | D        | Noticed a two-headed ogre
   827 | D        | Noticed a manticore
   836 | D        | Killed a two-headed ogre
   836 | D        | Received a gift from Trog
   837 | D        | Reached skill level 13 in Unarmed Combat
   837 | D        | Killed a manticore
   839 | D        | Slain by a shadow wraith

Illustrated notes

Levels and vault maps discovered:
D:        pitsprint [storerooms_1, entrance_room_1, metal_vault_3, armoury_2,
          mini_pit_1, grid_room_1, main_hall_1, silver_pit, the_coven_1,
          the_vestibule_1, steel_vault_5, golden_pit, hallway_of_sentries,
          crystal_vault_6, iron_vault_3, final_vault]

Skill      XL: |  1  2  3  4  5  6  7  8  9 |
---------------+----------------------------+-----
Fighting       | 5 6 7 9 10 11 | 11.7
Dodging        | 5 6 7 9 10 11 | 11.5
Unarmed Combat | 6 7 9 10 12 13 | 13.6

Action                     |  1- 3 |  4- 6 |  7- 9 || total
---------------------------+-------+-------+-------++-------
  Melee: Unarmed           |     5 |    17 |    46 ||    68
         Punch             |       |     1 |     2 ||     3
 Invoke: Berserk           |     1 |     1 |     1 ||     3
    Use: Scroll            |       |       |     1 ||     1
   Stab: Sleeping          |       |       |     1 ||     1
 Armour: Animal skin       |     3 |     7 |    36 ||    46
  Dodge: Dodged            |     1 |     6 |    24 ||    31

Table legend: (Time is in decaauts)
 A = Elapsed time spent in this place.
 B = Non-inter-level travel time spent in this place.
 C = Inter-level travel time spent in this place.
 D = Time resting spent in this place.
 E = Time spent auto-exploring this place.
 F = Levels seen in this place.
 G = Mean time per level.
                   A        B        C        D        E       F      G
               +--------+--------+--------+--------+--------+-----+--------+
         Total |    864 |    864 |      0 |    325 |    209 |   1 |  864.0 |
       Dungeon |    864 |    864 |      0 |    325 |    209 |   1 |  864.0 |
               +--------+--------+--------+--------+--------+-----+--------+

Top non-repeatable levels by time:
       D: 864 daAuts
